Coyotes vs Ducks (R3)

Created - 2 octobre 2023 at 19:48

Goals
1 2 3 OT1 T
Coyotes 0 0 2 1 3
Ducks 1 0 1 0 2
Shots
1 2 3 OT1 T
Coyotes 10 6 16 2 34
Ducks 13 6 3 0 22

GoalsPenalties
1st period
1. Ducks , Nick Ritchie 1 (Michael McLeod 1, Morgan Rielly 2) at 13:59
Riley Stillman (ANA) for Interference (Minor) at 5:12
Adam Larsson (ANA) for Fighting (Major) at 17:01
Alex DeBrincat (PHO) for Fighting (Major) at 17:01
2nd period
No Goal
Riley Stillman (ANA) for Tripping (Minor) at 1:58
Brayden McNabb (PHO) for Hooking (Minor) at 9:27
Ryan McDonagh (ANA) for Fighting (Major) at 15:39
Bowen Byram (PHO) for Fighting (Major) at 15:39
Bowen Byram (PHO) for instigated a fight (Minor) at 15:39
Bowen Byram (PHO) for instigated and being the aggresor in a fight (20 Minutes Game Misconduct) at 15:39
3rd period
2. Ducks , Lawson Crouse 2 (Dylan Larkin 4, Steven Stamkos 4) at 13:51
3. Coyotes , Travis Boyd 2 (Drake Batherson 1, Jordan Greenway 2) at 15:23
4. Coyotes , Alex DeBrincat 8 (Drake Batherson 2, Marc Staal 3) at 17:43
Drake Batherson (PHO) for Boarding (Minor) at 0:50
Thomas Chabot (ANA) for Fighting (Major) at 4:10
Ross Colton (PHO) for Fighting (Major) at 4:10
Johnny Gaudreau (ANA) for Fighting (Major) at 15:26
Brayden McNabb (PHO) for Fighting (Major) at 15:26
Overtime #1
5. Coyotes , Alex DeBrincat 9 (Ross Colton 3, Rasmus Sandin 1) at 0:16
No Penalty
Goalie Stats
Jake Oettinger (PHO), 20 saves from 22 shots - (0,909), W, 5-2-1, 60:16 minutes
Carter Hart (ANA), 31 saves from 34 shots - (0,912), OTL, 4-5-1, 60:16 minutes
3 StarsOfficial
1 - Alex DeBrincat (PHO)
2 - Travis Boyd (PHO)
3 - Jordan Greenway (PHO)
Referees : T.J. Luxmore and Kendrick Nicholson
Linesman : Dan Kelly and Mark Shewchyk
Game Note
Alex DeBrincat beats up Adam Larsson at 17:01 of 1st period
Ryan McDonagh beats up Bowen Byram at 15:39 of 2nd period
Bowen Byram (PHO) for instigated and being the aggresor in a fight (20 Minutes Game Misconduct) at 15:39
Bowen Byram ejected from game at 15:39 of 2nd period
Thomas Chabot and Ross Colton fight to a draw at 4:10 of 3rd period
Johnny Gaudreau beats up Brayden McNabb at 15:26 of 3rd period
Finance
Level 1 -- Attendance: 4574 (73%) -- Ticket Income $457,400
Level 2 -- Attendance: 2661 (49%) -- Ticket Income $212,880
Level 3 -- Attendance: 1785 (69%) -- Ticket Income $80,325
Level 4 -- Attendance: 2124 (56%) -- Ticket Income $63,720
Luxury Box -- Attendance: 440 (40%) -- Ticket Income $352,000
Game was played at the Arrowhead Pond.
Total Attendance: 11584 (60%)
Total Ticket Income: $1,166,325
Other Income: $349,898
Total Income: $1,516,223



Team Name Goals Shots Shots Attemp Shots Blocked PIM HIT PP PK FO%
Coyotes 33465546280 / 2 (0%)038%
Ducks 222401224210 / 3 (0%)062%

Coyotes
Player Name POS G A P +/- PIM HIT SHT SB MP PP MP PP SHT PK MP PK SHT FO% FOT GA TA
Alex DeBrincatLW/RW2022506119:251:4703:0600% 211
Bowen ByramD0000270008:140:0001:0300% 000
Brayden McNabbD0001711124:402:2102:2000% 000
Drake BathersonRW0220221116:590:2100:00033% 300
Jack QuinnLW/RW000-100207:570:0000:0000% 000
Jake DeBruskLW/RW0001061021:432:0802:42050% 400
Jordan GreenwayLW/RW0111032011:550:0000:000100% 100
Lucas RaymondLW/RW000-1012014:401:5000:0000% 000
Marc StaalD011-1010120:501:3702:1100% 001
Noah DobsonD0001022027:342:2103:2800% 013
Patrick KaneRW000-1022015:461:5001:0600% 100
Rasmus SandinD0111012016:000:0000:1800% 010
Rem PitlickC/LW/RW000-101008:300:0000:2200% 100
Ross ColtonC/LW0110520013:091:5000:00071% 700
Taylor RaddyshRW000-1021010:080:0001:3200% 000
Tim StützleC0001036122:092:0803:06039% 2820
Travis BoydC/RW1011005012:350:0000:0000% 510
Vince DunnD0000011022:311:3702:3400% 000
Ducks
Player Name POS G A P +/- PIM HIT SHT SB MP PP MP PP SHT PK MP PK SHT FO% FOT GA TA
Adam LarssonD0000511022:052:4501:5700% 000
Andrew MangiapaneLW/RW0000001018:552:4600:00050% 200
Dylan LarkinC011-1013217:042:4600:00064% 1111
Johnny GaudreauLW0000511117:253:1100:3900% 100
Josh MansonD000-1020417:150:0001:4200% 000
Lawson CrouseLW/RW101-1013119:052:4601:5200% 012
Mark StoneRW000-1012017:393:1100:000100% 100
Michael McLeodC011102309:230:0001:02083% 610
Morgan GeekieC/RW0000021112:250:0001:27080% 500
Morgan RiellyD0110001224:283:2601:1000% 002
Nick RitchieLW101001208:420:0000:0000% 000
Oliver WahlstromRW000100008:210:0000:0000% 000
Oskar SundqvistC/RW000-1000013:200:0001:2000% 100
Riley StillmanD000-1430012:511:0300:0000% 000
Ryan McDonaghD0000511124:172:0901:5400% 010
Steven StamkosC/LW0110010019:113:1100:09056% 2510
Thomas ChabotD0001500019:422:3101:2400% 001
Trent FredericLW/RW0000043014:470:0001:2700% 000

Coyotes

5 vs 5 Forward
Line #Left WingCenterRight WingPHYDFOFWanted %Time %Time Play
1Alex DeBrincatTim StützleJake DeBrusk1224035%17:23
2Lucas RaymondRoss ColtonPatrick Kane1223026%12:50
3Jordan GreenwayTravis BoydDrake Batherson1222024%11:55
4Jack QuinnRem PitlickTaylor Raddysh1221016%7:57
5 vs 5 Defense
Line #DefenseDefensePHYDFOFWanted %Time %Time Play
1Brayden McNabbNoah Dobson1224039%19:44
2Vince DunnMarc Staal1223031%15:39
3Rasmus SandinBowen Byram1222025%12:46
4Brayden McNabbNoah Dobson122104%1:56
Power Play Forward
Line #Left WingCenterRight WingPHYDFOFWanted %Time %Time Play
1Alex DeBrincatTim StützleJake DeBrusk1226054%2:08
2Lucas RaymondRoss ColtonPatrick Kane1224046%1:50
Power Play Defense
Line #DefenseDefensePHYDFOFWanted %Time %Time Play
1Brayden McNabbNoah Dobson1226059%2:21
2Vince DunnMarc Staal1224041%1:37
Penalty Kill 4 Players Forward
Line #CenterWingPHYDFOFWanted %Time %Time Play
1Tim StützleAlex DeBrincat1226082%4:51
2Jake DeBruskPatrick Kane1224018%1:06
Penalty Kill 4 Players Defense
Line #DefenseDefensePHYDFOFWanted %Time %Time Play
1Brayden McNabbNoah Dobson1226063%3:46
2Vince DunnMarc Staal1224037%2:11
Penalty Kill 3 Players
Line #WingPHYDFOFWanted %Time %Time PlayDefenseDefensePHYDFOFWanted %Time %Time Play
1Tim Stützle122600%0:00 Brayden McNabbNoah Dobson122600%0:00
2Alex DeBrincat122400%0:00 Vince DunnMarc Staal122400%0:00
4 vs 4 Forward
Line #CenterWingPHYDFOFWanted %Time %Time Play
1Tim StützleAlex DeBrincat122600%0:00
2Jake DeBruskPatrick Kane122400%0:00
4 vs 4 Defense
Line #DefensePHYDFOFWanted %Time %Time Play
1Brayden McNabbNoah Dobson122600%0:00
2Vince DunnMarc Staal122400%0:00
Last Minutes Offensive
Left WingCenterRight WingDefenseDefense
Alex DeBrincatTim StützleJake DeBruskBrayden McNabbNoah Dobson
Last Minutes Defensive
Left WingCenterRight WingDefenseDefense
Alex DeBrincatTim StützleJake DeBruskBrayden McNabbNoah Dobson
Time
Total ForwardTotal DefenseLast Minutes OffensiveLast Minutes Defensive
60:00 60:00 0:000:00
Extra Forwards
Normal PowerPlayPenalty Kill
Drake Batherson, Travis Boyd, Taylor RaddyshDrake Batherson, Travis BoydTaylor Raddysh
Extra Defensemen
Normal PowerPlayPenalty Kill
Rasmus Sandin, Bowen Byram, Vince DunnRasmus Sandin, Bowen ByramVince Dunn
Penalty Shots
Tim Stützle, Alex DeBrincat, Jake DeBrusk, Patrick Kane, Drake Batherson
Goalie
Jake Oettinger, Dan Vladar
Scratches
Colin White (Healthy), Jacob Bryson (Healthy)

Ducks

5 vs 5 Forward
Line #Left WingCenterRight WingPHYDFOFWanted %Time %Time Play
1Johnny GaudreauSteven StamkosAndrew Mangiapane0234032%15:59
2Mark StoneDylan LarkinLawson Crouse0233830%14:55
3Trent FredericMorgan GeekieOskar Sundqvist0411722%10:50
4Oliver WahlstromMichael McLeodNick Ritchie041517%8:21
5 vs 5 Defense
Line #DefenseDefensePHYDFOFWanted %Time %Time Play
1Thomas ChabotAdam Larsson0414040%19:47
2Morgan RiellyRyan McDonagh0414039%19:20
3Josh MansonRiley Stillman0502019%9:17
4Ryan McDonaghRiley Stillman12203%1:41
Power Play Forward
Line #Left WingCenterRight WingPHYDFOFWanted %Time %Time Play
1Johnny GaudreauSteven StamkosMark Stone1045254%3:11
2Andrew MangiapaneDylan LarkinLawson Crouse1044846%2:46
Power Play Defense
Line #DefenseDefensePHYDFOFWanted %Time %Time Play
1Morgan RiellyRyan McDonagh0145358%3:26
2Adam LarssonThomas Chabot0144742%2:31
Penalty Kill 4 Players Forward
Line #CenterWingPHYDFOFWanted %Time %Time Play
1Morgan GeekieTrent Frederic0505253%2:06
2Oskar SundqvistLawson Crouse0504847%1:52
Penalty Kill 4 Players Defense
Line #DefenseDefensePHYDFOFWanted %Time %Time Play
1Adam LarssonJosh Manson0505243%1:42
2Ryan McDonaghRiley Stillman0504857%2:16
Penalty Kill 3 Players
Line #WingPHYDFOFWanted %Time %Time PlayDefenseDefensePHYDFOFWanted %Time %Time Play
1Oskar Sundqvist140600%0:00 Adam LarssonRiley Stillman140600%0:00
2Morgan Geekie140400%0:00 Josh MansonRyan McDonagh140400%0:00
4 vs 4 Forward
Line #CenterWingPHYDFOFWanted %Time %Time Play
1Dylan LarkinJohnny Gaudreau023500%0:00
2Steven StamkosMark Stone113500%0:00
4 vs 4 Defense
Line #DefensePHYDFOFWanted %Time %Time Play
1Ryan McDonaghThomas Chabot050550%0:00
2Adam LarssonMorgan Rielly050450%0:00
Last Minutes Offensive
Left WingCenterRight WingDefenseDefense
Steven StamkosDylan LarkinJohnny GaudreauMorgan RiellyThomas Chabot
Last Minutes Defensive
Left WingCenterRight WingDefenseDefense
Oskar SundqvistMorgan GeekieMark StoneAdam LarssonRyan McDonagh
Time
Total ForwardTotal DefenseLast Minutes OffensiveLast Minutes Defensive
60:00 60:00 0:000:00
Extra Forwards
Normal PowerPlayPenalty Kill
Trent Frederic, Oskar Sundqvist, Andrew MangiapaneMichael McLeod, Trent FredericMichael McLeod
Extra Defensemen
Normal PowerPlayPenalty Kill
Josh Manson, Riley Stillman, Ryan McDonaghRiley Stillman, Thomas ChabotMorgan Rielly
Penalty Shots
Steven Stamkos, Mark Stone, Johnny Gaudreau, Dylan Larkin, Andrew Mangiapane
Goalie
Carter Hart, Cal Petersen
Scratches
None


Play-by-Play

1st period


0:01 of 1st period - Tim Stützle wins face-off versus Steven Stamkos in neutral zone.
0:12 of 1st period - Wrist shot by Alex DeBrincat.
0:12 of 1st period - Shot Misses the Net.
0:14 of 1st period - Slapshot by Brayden McNabb.
0:14 of 1st period - Shot Misses the Net.
0:16 of 1st period - Slapshot by Noah Dobson.
0:16 of 1st period - Shot Misses the Net.
2:27 of 1st period - Icing by Ryan McDonagh.
2:28 of 1st period - Morgan Geekie wins face-off versus Alex DeBrincat in Ducks zone.
3:43 of 1st period - Wrist shot by Morgan Geekie.
3:43 of 1st period - Shot Misses the Net.
3:45 of 1st period - Wrist shot by Trent Frederic.
3:45 of 1st period - Stopped by Jake Oettinger with a rebound.
3:47 of 1st period - Wrist shot by Trent Frederic.
3:47 of 1st period - Stopped by Jake Oettinger without a rebound.
3:48 of 1st period - Steven Stamkos wins face-off versus Tim Stützle in Coyotes zone.
5:12 of 1st period - Minor Penalty to Riley Stillman for Interference.
5:13 of 1st period - Tim Stützle wins face-off versus Michael McLeod in Ducks zone.
5:13 of 1st period - Backhand shot by Alex DeBrincat.
5:13 of 1st period - Deflect By Tim Stützle.
5:13 of 1st period - Shot Blocked by Josh Manson.
5:13 of 1st period - Puck is out of play.
5:14 of 1st period - Michael McLeod wins face-off versus Jake DeBrusk in Ducks zone.
5:14 of 1st period - Michael McLeod is hit by Tim Stützle.
5:30 of 1st period - Wrist shot by Tim Stützle.
5:30 of 1st period - Shot Misses the Net.
6:28 of 1st period - Lawson Crouse is hit by Jake DeBrusk and loses puck.
7:12 of 1st period - Penalty to Riley Stillman is over, Riley Stillman is back on ice.
7:32 of 1st period - Rasmus Sandin is hit by Riley Stillman and loses puck.
7:57 of 1st period - Lawson Crouse is hit by Marc Staal and loses puck.
8:32 of 1st period - Bowen Byram is hit by Trent Frederic.
9:30 of 1st period - Morgan Geekie is hit by Noah Dobson and loses puck.
10:37 of 1st period - Snap shot by Drake Batherson.
10:37 of 1st period - Shot Misses the Net.
10:39 of 1st period - Slapshot by Rasmus Sandin.
10:39 of 1st period - Shot Misses the Net.
10:41 of 1st period - Slapshot by Bowen Byram.
10:41 of 1st period - Deflect By Travis Boyd.
10:41 of 1st period - Stopped by Carter Hart with a rebound.
10:43 of 1st period - Slapshot by Travis Boyd.
10:43 of 1st period - Shot Misses the Net.
10:45 of 1st period - Wrist shot by Travis Boyd.
10:45 of 1st period - Stopped by Carter Hart without a rebound.
10:46 of 1st period - Dylan Larkin wins face-off versus Tim Stützle in Ducks zone.
10:51 of 1st period - Snap shot by Lawson Crouse.
10:51 of 1st period - Shot Misses the Net.
10:53 of 1st period - Slapshot by Ryan McDonagh.
10:53 of 1st period - Shot Blocked by Brayden McNabb.
10:55 of 1st period - Wrist shot by Lawson Crouse.
10:55 of 1st period - Stopped by Jake Oettinger with a rebound.
11:31 of 1st period - Snap shot by Johnny Gaudreau.
11:31 of 1st period - Stopped by Jake Oettinger without a rebound.
11:32 of 1st period - Andrew Mangiapane wins face-off versus Travis Boyd in Coyotes zone.
12:24 of 1st period - Wrist shot by Michael McLeod.
12:24 of 1st period - Stopped by Jake Oettinger with a rebound.
12:26 of 1st period - Slapshot by Adam Larsson.
12:26 of 1st period - Shot Misses the Net.
12:40 of 1st period - Morgan Rielly is hit by Jordan Greenway and loses puck.
13:03 of 1st period - Snap shot by Tim Stützle.
13:03 of 1st period - Stopped by Carter Hart with a rebound.
13:09 of 1st period - Snap shot by Trent Frederic.
13:09 of 1st period - Shot Misses the Net.
13:57 of 1st period - Snap shot by Michael McLeod.
13:57 of 1st period - Stopped by Jake Oettinger with a rebound.
13:59 of 1st period - Snap shot by Nick Ritchie.
13:59 of 1st period - Goal by Nick Ritchie - Coyotes : 0 - Ducks : 1.
14:00 of 1st period - Mark Stone wins face-off versus Tim Stützle in neutral zone.
14:15 of 1st period - Snap shot by Tim Stützle.
14:15 of 1st period - Stopped by Carter Hart without a rebound.
14:16 of 1st period - Ross Colton wins face-off versus Steven Stamkos in Ducks zone.
14:43 of 1st period - Dylan Larkin is hit by Tim Stützle.
15:05 of 1st period - Wrist shot by Adam Larsson.
15:05 of 1st period - Stopped by Jake Oettinger with a rebound.
15:13 of 1st period - Slapshot by Adam Larsson.
15:13 of 1st period - Deflect By Trent Frederic.
15:13 of 1st period - Shot Misses the Net.
15:13 of 1st period - Puck is out of play.
15:14 of 1st period - Tim Stützle wins face-off versus Steven Stamkos in Coyotes zone.
15:19 of 1st period - Wrist shot by Alex DeBrincat.
15:19 of 1st period - Shot Misses the Net.
15:23 of 1st period - Slapshot by Tim Stützle.
15:23 of 1st period - Shot Blocked by Johnny Gaudreau.
15:25 of 1st period - Snap shot by Alex DeBrincat.
15:25 of 1st period - Shot Misses the Net.
15:27 of 1st period - Wrist shot by Alex DeBrincat.
15:27 of 1st period - Stopped by Carter Hart without a rebound.
15:28 of 1st period - Steven Stamkos wins face-off versus Alex DeBrincat in Ducks zone.
15:54 of 1st period - Ryan McDonagh is hit by Ross Colton and loses puck.
16:18 of 1st period - Icing by Rasmus Sandin.
16:19 of 1st period - Morgan Geekie wins face-off versus Travis Boyd in Coyotes zone.
16:52 of 1st period - Wrist shot by Travis Boyd.
16:52 of 1st period - Stopped by Carter Hart without a rebound.
16:53 of 1st period - Tim Stützle wins face-off versus Steven Stamkos in Ducks zone.
17:01 of 1st period - Alex DeBrincat beats up Adam Larsson.
17:01 of 1st period - Penalty to Adam Larsson for Fighting.
17:01 of 1st period - Penalty to Alex DeBrincat for Fighting.
17:02 of 1st period - Dylan Larkin wins face-off versus Tim Stützle in Ducks zone.
17:09 of 1st period - Snap shot by Dylan Larkin.
17:09 of 1st period - Deflect By Mark Stone.
17:09 of 1st period - Stopped by Jake Oettinger without a rebound.
17:10 of 1st period - Dylan Larkin wins face-off versus Drake Batherson in Coyotes zone.
17:17 of 1st period - Wrist shot by Dylan Larkin.
17:17 of 1st period - Stopped by Jake Oettinger without a rebound.
17:18 of 1st period - Jake DeBrusk wins face-off versus Steven Stamkos in Coyotes zone.
17:18 of 1st period - Jake DeBrusk is hit by Josh Manson.
17:26 of 1st period - Slapshot by Tim Stützle.
17:26 of 1st period - Stopped by Carter Hart with a rebound.
18:37 of 1st period - Snap shot by Tim Stützle.
18:37 of 1st period - Shot Blocked by Morgan Rielly.
18:47 of 1st period - Wrist shot by Patrick Kane.
18:47 of 1st period - Stopped by Carter Hart without a rebound.
18:48 of 1st period - Ross Colton wins face-off versus Morgan Geekie in Ducks zone.
18:55 of 1st period - Slapshot by Patrick Kane.
18:55 of 1st period - Deflect By Lucas Raymond.
18:55 of 1st period - Stopped by Carter Hart without a rebound.
18:56 of 1st period - Dylan Larkin wins face-off versus Tim Stützle in Ducks zone.
19:01 of 1st period - Snap shot by Dylan Larkin.
19:01 of 1st period - Stopped by Jake Oettinger with a rebound.
19:03 of 1st period - Slapshot by Mark Stone.
19:03 of 1st period - Stopped by Jake Oettinger without a rebound.
19:04 of 1st period - Drake Batherson wins face-off versus Dylan Larkin in Coyotes zone.
19:21 of 1st period - Snap shot by Jake DeBrusk.
19:21 of 1st period - Stopped by Carter Hart with a rebound.
19:31 of 1st period - Jake DeBrusk is hit by Mark Stone and loses puck.
19:38 of 1st period - Snap shot by Lawson Crouse.
19:38 of 1st period - Stopped by Jake Oettinger with a rebound.
Goals for this period are 0 for Coyotes vs 1 for Ducks.
Shots for this period are 10 for Coyotes vs 13 for Ducks.

2nd period


0:01 of 2nd period - Ross Colton wins face-off versus Steven Stamkos in neutral zone.
1:30 of 2nd period - Drake Batherson is hit by Josh Manson and loses puck.
1:58 of 2nd period - Minor Penalty to Riley Stillman for Tripping.
1:59 of 2nd period - Morgan Geekie wins face-off versus Tim Stützle in Ducks zone.
2:01 of 2nd period - Penalty to Adam Larsson is over, Adam Larsson is back on ice.
3:58 of 2nd period - Penalty to Riley Stillman is over, Riley Stillman is back on ice.
4:11 of 2nd period - Marc Staal is hit by Johnny Gaudreau.
4:42 of 2nd period - Wrist shot by Nick Ritchie.
4:42 of 2nd period - Stopped by Jake Oettinger with a rebound.
4:54 of 2nd period - Dylan Larkin is hit by Brayden McNabb and loses puck.
5:41 of 2nd period - Ryan McDonagh is hit by Ross Colton and loses puck.
6:02 of 2nd period - Rasmus Sandin is hit by Trent Frederic and loses puck.
6:19 of 2nd period - Snap shot by Johnny Gaudreau.
6:19 of 2nd period - Shot Misses the Net.
6:21 of 2nd period - Wrist shot by Steven Stamkos.
6:21 of 2nd period - Shot Blocked by Alex DeBrincat.
6:23 of 2nd period - Slapshot by Ryan McDonagh.
6:23 of 2nd period - Stopped by Jake Oettinger without a rebound.
6:24 of 2nd period - Ross Colton wins face-off versus Dylan Larkin in Coyotes zone.
6:57 of 2nd period - Slapshot by Tim Stützle.
6:57 of 2nd period - Stopped by Carter Hart with a rebound.
7:44 of 2nd period - Wrist shot by Taylor Raddysh.
7:44 of 2nd period - Deflect By Rem Pitlick.
7:44 of 2nd period - Shot Blocked by Josh Manson.
7:44 of 2nd period - Puck is out of play.
7:45 of 2nd period - Tim Stützle wins face-off versus Andrew Mangiapane in Ducks zone.
8:17 of 2nd period - Slapshot by Thomas Chabot.
8:17 of 2nd period - Shot Blocked by Marc Staal.
8:41 of 2nd period - Snap shot by Vince Dunn.
8:41 of 2nd period - Stopped by Carter Hart with a rebound.
8:57 of 2nd period - Steven Stamkos is hit by Taylor Raddysh and loses puck.
9:14 of 2nd period - Snap shot by Jack Quinn.
9:14 of 2nd period - Stopped by Carter Hart without a rebound.
9:15 of 2nd period - Michael McLeod wins face-off versus Tim Stützle in Ducks zone.
9:22 of 2nd period - Slapshot by Thomas Chabot.
9:22 of 2nd period - Shot Blocked by Tim Stützle.
9:27 of 2nd period - Minor Penalty to Brayden McNabb for Hooking.
9:28 of 2nd period - Tim Stützle wins face-off versus Steven Stamkos in Coyotes zone.
9:42 of 2nd period - Wrist shot by Steven Stamkos.
9:42 of 2nd period - Shot Misses the Net.
9:44 of 2nd period - Snap shot by Steven Stamkos.
9:44 of 2nd period - Shot Misses the Net.
10:24 of 2nd period - Mark Stone is hit by Jake DeBrusk and loses puck.
11:27 of 2nd period - Penalty to Brayden McNabb is over, Brayden McNabb is back on ice.
11:42 of 2nd period - Ross Colton is hit by Trent Frederic and loses puck.
12:24 of 2nd period - Wrist shot by Taylor Raddysh.
12:24 of 2nd period - Shot Misses the Net.
12:54 of 2nd period - Oliver Wahlstrom is hit by Drake Batherson and loses puck.
13:21 of 2nd period - Snap shot by Lucas Raymond.
13:21 of 2nd period - Shot Misses the Net.
13:23 of 2nd period - Slapshot by Rasmus Sandin.
13:23 of 2nd period - Stopped by Carter Hart without a rebound.
13:24 of 2nd period - Tim Stützle wins face-off versus Dylan Larkin in Ducks zone.
13:41 of 2nd period - Slapshot by Jake DeBrusk.
13:41 of 2nd period - Shot Blocked by Lawson Crouse.
14:42 of 2nd period - Snap shot by Oliver Wahlstrom.
14:42 of 2nd period - Deflect By Michael McLeod.
14:42 of 2nd period - Stopped by Jake Oettinger without a rebound.
14:43 of 2nd period - Steven Stamkos wins face-off versus Tim Stützle in Coyotes zone.
14:50 of 2nd period - Wrist shot by Steven Stamkos.
14:50 of 2nd period - Shot Misses the Net.
15:36 of 2nd period - Slapshot by Morgan Geekie.
15:36 of 2nd period - Stopped by Jake Oettinger without a rebound.
15:37 of 2nd period - Morgan Geekie wins face-off versus Travis Boyd in Coyotes zone.
15:39 of 2nd period - Ryan McDonagh beats up Bowen Byram.
15:39 of 2nd period - Penalty to Ryan McDonagh for Fighting.
15:39 of 2nd period - Penalty to Bowen Byram for Fighting.
15:39 of 2nd period - Penalty to Bowen Byram for instigated a fight.
15:39 of 2nd period - Penalty to Bowen Byram for instigated and being the aggresor in a fight.
15:39 of 2nd period - Bowen Byram is ejected from game.
15:40 of 2nd period - Steven Stamkos wins face-off versus Tim Stützle in Coyotes zone.
16:19 of 2nd period - Thomas Chabot is hit by Jake DeBrusk and loses puck.
17:08 of 2nd period - Marc Staal is hit by Riley Stillman and loses puck.
17:39 of 2nd period - Penalty to Bowen Byram is over, Drake Batherson is send on ice.
17:51 of 2nd period - Oskar Sundqvist is hit by Patrick Kane.
17:59 of 2nd period - Slapshot by Morgan Rielly.
17:59 of 2nd period - Stopped by Jake Oettinger without a rebound.
18:00 of 2nd period - Michael McLeod wins face-off versus Ross Colton in Coyotes zone.
18:15 of 2nd period - Vince Dunn is hit by Michael McLeod and loses puck.
18:30 of 2nd period - Travis Boyd is hit by Morgan Geekie and loses puck.
18:55 of 2nd period - Snap shot by Tim Stützle.
18:55 of 2nd period - Stopped by Carter Hart with a rebound.
19:40 of 2nd period - Slapshot by Patrick Kane.
19:40 of 2nd period - Stopped by Carter Hart with a rebound.
19:42 of 2nd period - Slapshot by Patrick Kane.
19:42 of 2nd period - Shot Blocked by Josh Manson.
19:54 of 2nd period - Slapshot by Trent Frederic.
19:54 of 2nd period - Stopped by Jake Oettinger with a rebound.
Goals for this period are 0 for Coyotes vs 0 for Ducks.
Shots for this period are 6 for Coyotes vs 6 for Ducks.

3rd period


0:01 of 3rd period - Tim Stützle wins face-off versus Johnny Gaudreau in neutral zone.
0:31 of 3rd period - Snap shot by Ross Colton.
0:31 of 3rd period - Shot Misses the Net.
0:50 of 3rd period - Minor Penalty to Drake Batherson for Boarding.
0:51 of 3rd period - Steven Stamkos wins face-off versus Tim Stützle in Coyotes zone.
2:29 of 3rd period - Jake DeBrusk is hit by Dylan Larkin and loses puck.
2:50 of 3rd period - Penalty to Drake Batherson is over, Drake Batherson is back on ice.
3:00 of 3rd period - Lucas Raymond is hit by Morgan Geekie and loses puck.
3:23 of 3rd period - Morgan Rielly is hit by Drake Batherson and loses puck.
3:58 of 3rd period - Snap shot by Lucas Raymond.
3:58 of 3rd period - Deflect By Patrick Kane.
3:58 of 3rd period - Shot Misses the Net.
3:58 of 3rd period - Puck is out of play.
3:59 of 3rd period - Michael McLeod wins face-off versus Ross Colton in Ducks zone.
4:10 of 3rd period - Thomas Chabot and Ross Colton fight to a draw.
4:10 of 3rd period - Penalty to Thomas Chabot for Fighting.
4:10 of 3rd period - Penalty to Ross Colton for Fighting.
4:11 of 3rd period - Tim Stützle wins face-off versus Steven Stamkos in neutral zone.
4:14 of 3rd period - Ryan McDonagh is hit by Jake DeBrusk and loses puck.
4:37 of 3rd period - Noah Dobson is hit by Lawson Crouse and loses puck.
4:58 of 3rd period - Wrist shot by Patrick Kane.
4:58 of 3rd period - Shot Misses the Net.
5:00 of 3rd period - Wrist shot by Noah Dobson.
5:00 of 3rd period - Shot Blocked by Josh Manson.
5:02 of 3rd period - Slapshot by Brayden McNabb.
5:02 of 3rd period - Stopped by Carter Hart with a rebound.
5:04 of 3rd period - Wrist shot by Taylor Raddysh.
5:04 of 3rd period - Shot Misses the Net.
5:06 of 3rd period - Slapshot by Noah Dobson.
5:06 of 3rd period - Shot Blocked by Morgan Geekie.
5:08 of 3rd period - Snap shot by Jack Quinn.
5:08 of 3rd period - Stopped by Carter Hart without a rebound.
5:09 of 3rd period - Steven Stamkos wins face-off versus Tim Stützle in Ducks zone.
6:21 of 3rd period - Noah Dobson is hit by Adam Larsson and loses puck.
6:52 of 3rd period - Mark Stone is hit by Patrick Kane and loses puck.
7:50 of 3rd period - Steven Stamkos is hit by Lucas Raymond and loses puck.
7:59 of 3rd period - Slapshot by Lucas Raymond.
7:59 of 3rd period - Stopped by Carter Hart with a rebound.
8:01 of 3rd period - Snap shot by Drake Batherson.
8:01 of 3rd period - Shot Misses the Net.
8:11 of 3rd period - Steven Stamkos is hit by Jake DeBrusk.
8:39 of 3rd period - Jack Quinn is hit by Riley Stillman and loses puck.
8:44 of 3rd period - Snap shot by Dylan Larkin.
8:44 of 3rd period - Stopped by Jake Oettinger without a rebound.
8:45 of 3rd period - Dylan Larkin wins face-off versus Patrick Kane in Coyotes zone.
8:46 of 3rd period - Snap shot by Lawson Crouse.
8:46 of 3rd period - Deflect By Dylan Larkin.
8:46 of 3rd period - Shot Misses the Net.
8:46 of 3rd period - Puck is out of play.
8:47 of 3rd period - Dylan Larkin wins face-off versus Drake Batherson in Coyotes zone.
9:28 of 3rd period - Oskar Sundqvist is hit by Noah Dobson and loses puck.
9:41 of 3rd period - Snap shot by Johnny Gaudreau.
9:41 of 3rd period - Shot Misses the Net.
10:04 of 3rd period - Slapshot by Mark Stone.
10:04 of 3rd period - Shot Blocked by Drake Batherson.
10:12 of 3rd period - Wrist shot by Dylan Larkin.
10:12 of 3rd period - Shot Misses the Net.
10:21 of 3rd period - Off-side.
10:22 of 3rd period - Michael McLeod wins face-off versus Tim Stützle in neutral zone.
10:25 of 3rd period - Tim Stützle is hit by Michael McLeod and loses puck.
10:32 of 3rd period - Wrist shot by Alex DeBrincat.
10:32 of 3rd period - Stopped by Carter Hart with a rebound.
10:34 of 3rd period - Snap shot by Alex DeBrincat.
10:34 of 3rd period - Stopped by Carter Hart with a rebound.
10:39 of 3rd period - 10 Minutes Misconduct Penalty to Bowen Byram is over.
10:48 of 3rd period - Riley Stillman is hit by Jordan Greenway and loses puck.
10:59 of 3rd period - Slapshot by Drake Batherson.
10:59 of 3rd period - Shot Misses the Net.
11:01 of 3rd period - Slapshot by Rasmus Sandin.
11:01 of 3rd period - Stopped by Carter Hart with a rebound.
11:35 of 3rd period - Adam Larsson is hit by Rasmus Sandin and loses puck.
12:55 of 3rd period - Rasmus Sandin is hit by Ryan McDonagh and loses puck.
13:13 of 3rd period - Noah Dobson is hit by Nick Ritchie and loses puck.
13:20 of 3rd period - Morgan Rielly is hit by Rem Pitlick and loses puck.
13:31 of 3rd period - Brayden McNabb is hit by Steven Stamkos and loses puck.
13:38 of 3rd period - Johnny Gaudreau is hit by Tim Stützle and loses puck.
13:51 of 3rd period - Wrist shot by Lawson Crouse.
13:51 of 3rd period - Goal by Lawson Crouse - Coyotes : 0 - Ducks : 2.
13:52 of 3rd period - Steven Stamkos wins face-off versus Tim Stützle in neutral zone.
13:55 of 3rd period - Wrist shot by Johnny Gaudreau.
13:55 of 3rd period - Shot Misses the Net.
13:57 of 3rd period - Slapshot by Andrew Mangiapane.
13:57 of 3rd period - Stopped by Jake Oettinger with a rebound.
14:02 of 3rd period - Off-side.
14:03 of 3rd period - Dylan Larkin wins face-off versus Tim Stützle in neutral zone.
14:38 of 3rd period - Slapshot by Noah Dobson.
14:38 of 3rd period - Stopped by Carter Hart without a rebound.
14:39 of 3rd period - Tim Stützle wins face-off versus Steven Stamkos in Ducks zone.
14:58 of 3rd period - Morgan Rielly is hit by Jake DeBrusk and loses puck.
15:14 of 3rd period - Ryan McDonagh is hit by Jordan Greenway and loses puck.
15:19 of 3rd period - Slapshot by Drake Batherson.
15:19 of 3rd period - Deflect By Jordan Greenway.
15:19 of 3rd period - Shot Blocked by Ryan McDonagh.
15:19 of 3rd period - Puck is out of play.
15:20 of 3rd period - Jordan Greenway wins face-off versus Dylan Larkin in Ducks zone.
15:23 of 3rd period - Wrist shot by Travis Boyd.
15:23 of 3rd period - Goal by Travis Boyd - Coyotes : 1 - Ducks : 2.
15:24 of 3rd period - Steven Stamkos wins face-off versus Tim Stützle in neutral zone.
15:26 of 3rd period - Johnny Gaudreau beats up Brayden McNabb.
15:26 of 3rd period - Penalty to Johnny Gaudreau for Fighting.
15:26 of 3rd period - Penalty to Brayden McNabb for Fighting.
15:27 of 3rd period - Tim Stützle wins face-off versus Steven Stamkos in neutral zone.
15:32 of 3rd period - Wrist shot by Alex DeBrincat.
15:32 of 3rd period - Shot Misses the Net.
15:37 of 3rd period - Icing by Steven Stamkos.
15:38 of 3rd period - Steven Stamkos wins face-off versus Tim Stützle in Ducks zone.
15:45 of 3rd period - Tim Stützle is hit by Trent Frederic and loses puck.
16:39 of 3rd period - Wrist shot by Lucas Raymond.
16:39 of 3rd period - Shot Blocked by Dylan Larkin.
17:07 of 3rd period - Slapshot by Taylor Raddysh.
17:07 of 3rd period - Stopped by Carter Hart without a rebound.
17:08 of 3rd period - Steven Stamkos wins face-off versus Rem Pitlick in Ducks zone.
17:08 of 3rd period - Steven Stamkos is hit by Taylor Raddysh.
17:11 of 3rd period - Icing by Andrew Mangiapane.
17:12 of 3rd period - Steven Stamkos wins face-off versus Travis Boyd in Ducks zone.
17:16 of 3rd period - Off-side.
17:17 of 3rd period - Steven Stamkos wins face-off versus Travis Boyd in neutral zone.
17:43 of 3rd period - Snap shot by Alex DeBrincat.
17:43 of 3rd period - Goal by Alex DeBrincat - Coyotes : 2 - Ducks : 2.
17:44 of 3rd period - Steven Stamkos wins face-off versus Tim Stützle in neutral zone.
18:13 of 3rd period - Slapshot by Noah Dobson.
18:13 of 3rd period - Stopped by Carter Hart with a rebound.
18:15 of 3rd period - Backhand shot by Travis Boyd.
18:15 of 3rd period - Shot Blocked by Morgan Rielly.
18:17 of 3rd period - Snap shot by Jordan Greenway.
18:17 of 3rd period - Stopped by Carter Hart with a rebound.
18:19 of 3rd period - Snap shot by Jordan Greenway.
18:19 of 3rd period - Stopped by Carter Hart without a rebound.
18:20 of 3rd period - Jake DeBrusk wins face-off versus Steven Stamkos in Ducks zone.
18:23 of 3rd period - Wrist shot by Tim Stützle.
18:23 of 3rd period - Stopped by Carter Hart without a rebound.
18:24 of 3rd period - Steven Stamkos wins face-off versus Jake DeBrusk in Ducks zone.
18:24 of 3rd period - Steven Stamkos is hit by Vince Dunn.
18:58 of 3rd period - Snap shot by Drake Batherson.
18:58 of 3rd period - Shot Blocked by Dylan Larkin.
19:00 of 3rd period - Slapshot by Travis Boyd.
19:00 of 3rd period - Stopped by Carter Hart with a rebound.
19:02 of 3rd period - Wrist shot by Jordan Greenway.
19:02 of 3rd period - Shot Misses the Net.
19:04 of 3rd period - Snap shot by Drake Batherson.
19:04 of 3rd period - Stopped by Carter Hart with a rebound.
Goals for this period are 2 for Coyotes vs 1 for Ducks.
Shots for this period are 16 for Coyotes vs 3 for Ducks.

Overtime #1


0:01 of 1st overtime period - Ross Colton wins face-off versus Oskar Sundqvist in neutral zone.
0:14 of 1st overtime period - Snap shot by Alex DeBrincat.
0:14 of 1st overtime period - Stopped by Carter Hart with a rebound.
0:16 of 1st overtime period - Snap shot by Alex DeBrincat.
0:16 of 1st overtime period - Goal by Alex DeBrincat - Coyotes : 3 - Ducks : 2.
Goals for this period are 1 for Coyotes vs 0 for Ducks.
Shots for this period are 2 for Coyotes vs 0 for Ducks.